 Dungeon Crawl Stone Soup version 0.30.0-29-ga12c61a403 (webtiles) character file.

Game seed: 11140706614787552668

53 Graphine the Grave Robber (level 3, -1/19 HPs)
             Began as a Deep Elf Necromancer on June 16, 2023.
             Slain by Jessica
             ... wielding a +2 dagger of speed
              (5 damage)
             ... on level 2 of the Dungeon.
             The game lasted 00:04:12 (2116 turns).

Graphine the Grave Robber (Deep Elf Necromancer)    Turns: 2116, Time: 00:04:13

Health: -1/19      AC:  2    Str:  5    XL:     3   Next: 62%
Magic:  5/10       EV: 13    Int: 21    God:
Gold:   120        SH:  0    Dex: 15    Spells: 5/9 levels left

rFire   . . .        e - +0 dagger (speed)
rCold   . . .        (no shield)
rNeg    . . .        a - +0 robe
rPois   .            (no helmet)
rElec   .            (no cloak)
rCorr   .            (no gloves)
SInv    +            (no boots)
Will    .....        f - amulet of reflection
Stlth   +            h - ring of see invisible
HPRegen 0.23/turn    (no ring)
MPRegen 0.12/turn

%: reflection
@: confused
A: no striking features
a: no special abilities


You were on level 2 of the Dungeon.
You visited 1 branch of the dungeon, and saw 3 of its levels.

You collected 120 gold pieces.

Inventory:

Hand Weapons
 e - a +0 dagger of speed (weapon)
Armour
 a - a +0 robe (worn)
Jewellery
 f - an amulet of reflection (around neck)
 h - a ring of see invisible (left hand)
Scrolls
 c - a scroll of fear
 d - a scroll of teleportation
 i - a scroll of noise
Potions
 b - a potion of magic
 g - a potion of attraction {unknown}
 j - 3 potions of might {unknown}
 k - a potion of curing {unknown}


   Skills:
 + Level 3.2 Dodging
 + Level 3.3 Stealth
 + Level 3.7 Spellcasting
 + Level 5.3 Necromancy


You had 5 spell levels left.
You knew the following spells:

 Your Spells              Type           Power      Damage    Failure   Level
a - Necrotise             Necr           100%       1d9       1%          1
b - Vampiric Draining     Necr           26%        2d7       4%          3

Your spell library contained the following spells:

 Spells                   Type           Power      Damage    Failure   Level
 Animate Dead             Necr           26%        N/A       14%         4
 Dazzling Flash           Conj/Hex       6%         N/A       36%         3
 Ozocubu's Armour         Ice            3%         N/A       36%         3
 Agony                    Necr           26%        N/A       36%         5
 Silence                  Hex/Air        1%         N/A       98%         5
 Ozocubu's Refrigeration  Ice            1%         4d7       100%        7


Dungeon Overview and Level Annotations

Branches:
Dungeon (3/15)

Altars:
Wu Jian

Annotations:
D:2 Jessica
D:3 Sigmund


Message History

Jessica casts a spell.
Jessica seems to speed up.
Sigmund screams, "You will never...
NEVER!!!"
Jessica grins evilly.
The worm barely misses your kobold skeleton.
Jessica gestures wildly while chanting.
Jessica blinks!
Sigmund casts a spell.
Sigmund flickers and vanishes for a moment.
You hear an angry hiss.
Sigmund casts a spell at you. You resist with some effort.
Sigmund points at you and mumbles some strange words.
The magic dart hits you!
* * * LOW HITPOINT WARNING * * *
There is a stone staircase leading up here.
Casting: Vampiric Draining (quite dangerous; 4% risk of failure)
Confirm with . or Enter, or press ? or * to list all spells.
Aiming: Necrotise (safe; 1% risk of failure)
Press: ? - help, Shift-Dir - straight line, f - Sigmund
Aim: Sigmund, wielding a +1 scythe of freezing and wearing a +0 robe (moderately wounded, slightly transparent, chance to affect: 88%) Sigmund writhes in agony.
Sigmund points at you and mumbles some strange words.
You are confused.
You're too confused to cast spells.
Unknown command.
Sigmund says, "Look into my eyes."
In your confused state, you trip and fall back down the stairs.
* * * LOW HITPOINT WARNING * * *
Jessica closely misses you. Jessica barely misses you.
Jessica hits you with a +2 dagger of speed.
* * * LOW HITPOINT WARNING * * *
Sigmund looks at you with fury.
You climb upwards.
There is a stone staircase leading down here.
You're too confused to cast spells.
You miss Jessica.
Jessica hits you with a +2 dagger of speed.
You die...

...............# #.# ##...#####
..##...#####.#.# #.# ##.##
#.###.## #>#.###.# #.# ..# #.#
#.......# #.# ### #.# ###.#####
#####.##### ##+## #.# #.........#
##...## ####.#### #.......#.#
##.....###.......# #.#.#.#.#.#
##.......##.....@.# #.#.......#
#.........#.....@.####.#.##....##
+.........'......................
#.........#.......#.##.#.#.#...##
##.......##.......#.##.........#
##.....###.......#.##.#......##
##...## ######.............##
##'## #.##.##.###.### #.#
#.##.##.# #.#


You could see Jessica (fast).

Vanquished Creatures
  2 dart slugs
  An orc (D:3)
  5 ball pythons
  2 endoplasms
  5 giant cockroaches
  5 hobgoblins
  2 jackals (D:1)
  4 kobolds
  4 quokkas
  4 bats
  A frilled lizard (D:2)
  3 goblins (D:1)
  2 rats (D:2)
40 creatures vanquished.

Notes
Turn   | Place    | Note
-------+----------+-------------------------------------------
     0 | D:1      | Graphine the Deep Elf Necromancer began the quest for the
                  | Orb.
     0 | D:1      | Reached XP level 1. HP: 10/10 MP: 6/6
   145 | D:1      | Reached skill level 5 in Necromancy
   145 | D:1      | Reached XP level 2. HP: 15/15 MP: 6/8
   720 | D:1      | Reached XP level 3. HP: 17/19 MP: 6/10
  1177 | D:2      | Found an ornate altar of the Wu Jian Council.
  1254 | D:2      | Learned a level 3 spell: Vampiric Draining
  1503 | D:2      | Identified the +0 leather armour "Haoretiy" {-Tele Will++
                  | Int-3 Dex+4}
  2079 | D:3      | Noticed Sigmund
  2091 | D:3      | Noticed Jessica
  2116 | D:2      | Slain by Jessica

Illustrated notes

Levels and vault maps discovered:
D:1:      co_arrival_random_square_maze, layout_loops_cross,
          chequers_mini_garden, item_on_display_a
D:2:      layout_loops_corners, basic_altar
D:3:      layout_rooms, amcnicky_altar_gilded, item_on_display_a, uniq_sigmund,
          uniq_jessica, uniq_ijyb

Skill      XL: |  1  2 |
---------------+-------+-----
Necromancy     | 5 |  5.3
Stealth        | 3 |  3.3
Dodging        | 3 |  3.2
Spellcasting   | |  3.7

Action                     || total
---------------------------++-------
  Melee: Unarmed           ||     5
         Dagger            ||     4
   Cast: Necrotise         ||    57
         Vampiric Draining ||     2
    Use: Scroll            ||     5
   Stab: Sleeping          ||     1
 Armour: Robe              ||     1
  Dodge: Dodged            ||    18
